[ AOE2 MATCH · #476917396 ]
UnrankedJapanese vs Britons
[ REPLAY ANALYSIS · EXTRACTED FROM THE RECORDED GAME ]
Feudal
11:29
Castle
16:04
Imperial
—
| APM avg | 43.4 |
| APM peak | 67 |
| eAPM avg | 18.0 |
| Villagers / military | 60 / 49 |
Focus
⚔️ 42.9% · 🌾 57.1%
Cavalry Archer ×37 · Archer ×6 · Spearman ×6
Feudal
9:59
Castle
23:30
Imperial
—
| APM avg | 48.9 |
| APM peak | 95 |
| eAPM avg | 22.0 |
| Villagers / military | 63 / 29 |
Focus
⚔️ 24.1% · 🌾 75.9%
Scout Cavalry ×27 · Knight ×1 · Conquistador ×1
Feudal
9:36
Castle
27:08
Imperial
—
| APM avg | 48.5 |
| APM peak | 84 |
| eAPM avg | 20.3 |
| Villagers / military | 48 / 51 |
Focus
⚔️ 23.3% · 🌾 76.7%
Archer ×51
Feudal
9:22
Castle
25:40
Imperial
—
| APM avg | 39.8 |
| APM peak | 77 |
| eAPM avg | 16.5 |
| Villagers / military | 53 / 27 |
Focus
⚔️ 30.3% · 🌾 69.7%
Scout Cavalry ×12 · Knight ×9 · Spearman ×6
Feudal
9:22
Castle
22:19
Imperial
—
| APM avg | 57.6 |
| APM peak | 111 |
| eAPM avg | 20.3 |
| Villagers / military | 54 / 46 |
Focus
⚔️ 32.3% · 🌾 67.7%
Knight ×27 · Scout Cavalry ×19
Feudal
9:20
Castle
25:10
Imperial
—
| APM avg | 53.5 |
| APM peak | 78 |
| eAPM avg | 16.9 |
| Villagers / military | 45 / 53 |
Focus
⚔️ 37.4% · 🌾 62.6%
Archer ×50 · Militia ×2 · Spearman ×1
Feudal
9:20
Castle
—
Imperial
—
| APM avg | 40.1 |
| APM peak | 63 |
| eAPM avg | 19.9 |
| Villagers / military | 49 / 76 |
Focus
⚔️ 34.2% · 🌾 65.8%
Archer ×50 · Skirmisher ×21 · Spearman ×5
Feudal
9:49
Castle
25:02
Imperial
—
| APM avg | 53.5 |
| APM peak | 80 |
| eAPM avg | 18.9 |
| Villagers / military | 54 / 25 |
Focus
⚔️ 37.1% · 🌾 62.9%
Scout Cavalry ×25
Match map
Initial resources + every placement click. Lines = walls · curves = elevation contours. ◆ gold · ⬟ stone · ● berries · ✦ relic · ◌ wall gap
Your base· Open — 2t gap
SteileMouKaiTo200's base· ✓ Closed at 23:30 · 29t walls · 1 gate(s)
sgt peppers s's base· Open — 1t gap
Oliver's base· Open — unwalled flank
BTJ | Dr Colageno's base· Open — unwalled flank
Didi's base· ✓ Closed at 25:10 · 34t walls · 1 gate(s)
Samara's base· ✓ Closed at 25:39 · 30t walls · no gate
Igalima's base· ✓ Closed at 25:02 · 28t walls · 1 gate(s)
Smoothed initial terrain · ◌ = detected wall gap · hover for details
Inputs per minute
— Mike_raft - - SteileMouKaiTo200
Build order — Mike_raft
First 150 of 173 actions detected
| 0:02 | Create | Villager (Male) |
| 0:03 | Build | House |
| 0:04 | Build | House |
| 0:14 | Create | Villager (Male) |
| 0:14 | Create | Villager (Male) |
| 0:17 | Create | Villager (Male) |
| 0:17 | Create | Villager (Male) |
| 1:27 | Create | Villager (Male) |
| 1:46 | Build | Lumber Camp |
| 2:02 | Create | Villager (Male) |
| 2:02 | Create | Villager (Male) |
| 2:21 | Create | Villager (Male) |
| 2:21 | Create | Villager (Male) |
| 2:48 | Create | Villager (Male) |
| 2:48 | Create | Villager (Male) |
| 3:06 | Build | House |
| 3:16 | Create | Villager (Male) |
| 3:16 | Create | Villager (Male) |
| 3:41 | Create | Villager (Male) |
| 3:41 | Create | Villager (Male) |
| 4:03 | Create | Villager (Male) |
| 4:06 | Build | Mill |
| 4:36 | Create | Villager (Male) |
| 4:36 | Create | Villager (Male) |
| 5:05 | Create | Villager (Male) |
| 5:06 | Create | Villager (Male) |
| 5:06 | Create | Villager (Male) |
| 5:50 | Build | Barracks |
| 5:57 | Create | Villager (Male) |
| 5:57 | Create | Villager (Male) |
| 6:21 | Create | Villager (Male) |
| 6:41 | Create | Villager (Male) |
| 6:52 | Build | House |
| 6:56 | Research | Loom |
| 6:56 | Create | Villager (Male) |
| 7:19 | Build | Palisade Wall |
| 7:21 | Create | Villager (Male) |
| 7:44 | Create | Villager (Male) |
| 7:56 | Build | Palisade Wall |
| 8:20 | Create | Villager (Male) |
| 8:20 | Create | Villager (Male) |
| 9:11 | Build | Palisade Wall |
| 9:12 | Build | Palisade Wall |
| 9:15 | Build | Palisade Wall |
| 9:19 | Research | Feudal Age |
| 9:26 | Build | Mining Camp |
| 10:05 | Build | Palisade Wall |
| 10:23 | Create | Villager (Male) |
| 10:28 | Build | House |
| 10:54 | Build | House |
| 11:02 | Create | Villager (Male) |
| 11:29 | Age | Feudal Age |
| 11:32 | Build | Blacksmith |
| 11:37 | Build | Archery Range |
| 12:22 | Create | Villager (Male) |
| 12:56 | Build | Palisade Wall |
| 13:03 | Build | Palisade Wall |
| 13:19 | Create | Spearman |
| 13:19 | Create | Spearman |
| 13:24 | Research | Castle Age |
| 13:24 | Research | Castle Age |
| 13:50 | Build | Palisade Gate |
| 14:01 | Create | Spearman |
| 14:10 | Build | Palisade Gate |
| 14:29 | Create | Spearman |
| 14:29 | Create | Spearman |
| 14:40 | Build | Archery Range |
| 15:02 | Create | Spearman |
| 15:13 | Create | Archer |
| 15:13 | Create | Archer |
| 15:31 | Build | House |
| 15:45 | Build | Palisade Gate |
| 16:04 | Age | Castle Age |
| 16:06 | Create | Archer |
| 16:06 | Create | Archer |
| 16:12 | Create | Cavalry Archer |
| 16:12 | Create | Cavalry Archer |
| 16:22 | Build | Palisade Wall |
| 16:25 | Build | Palisade Wall |
| 16:30 | Build | Town Center |
| 17:00 | Build | Palisade Gate |
| 17:05 | Build | Palisade Wall |
| 17:07 | Build | Palisade Wall |
| 17:20 | Create | Archer |
| 17:21 | Create | Archer |
| 17:24 | Create | Cavalry Archer |
| 17:24 | Create | Cavalry Archer |
| 17:40 | Create | Villager (Male) |
| 17:40 | Create | Villager (Male) |
| 18:04 | Build | Farm |
| 18:06 | Build | Farm |
| 18:06 | Build | Farm |
| 18:07 | Build | Farm |
| 18:10 | Create | Cavalry Archer |
| 18:10 | Create | Cavalry Archer |
| 18:16 | Build | Market |
| 18:39 | Create | Cavalry Archer |
| 18:39 | Create | Cavalry Archer |
| 18:55 | Create | Villager (Male) |
| 18:57 | Create | Cavalry Archer |
| 18:57 | Create | Cavalry Archer |
| 19:09 | Build | Farm |
| 19:25 | Build | Farm |
| 19:26 | Build | Farm |
| 19:27 | Build | Farm |
| 19:50 | Create | Cavalry Archer |
| 19:50 | Create | Cavalry Archer |
| 19:50 | Create | Cavalry Archer |
| 20:05 | Create | Cavalry Archer |
| 20:06 | Create | Cavalry Archer |
| 20:07 | Create | Villager (Male) |
| 20:08 | Create | Villager (Male) |
| 20:17 | Research | Fletching |
| 20:36 | Create | Villager (Male) |
| 20:36 | Create | Villager (Male) |
| 21:02 | Create | Cavalry Archer |
| 21:02 | Create | Cavalry Archer |
| 21:20 | Create | Cavalry Archer |
| 21:20 | Create | Cavalry Archer |
| 21:32 | Build | Farm |
| 21:44 | Build | Farm |
| 21:46 | Create | Villager (Male) |
| 21:48 | Create | Cavalry Archer |
| 21:48 | Create | Cavalry Archer |
| 22:02 | Create | Villager (Male) |
| 22:03 | Create | Cavalry Archer |
| 22:03 | Create | Cavalry Archer |
| 22:13 | Build | Farm |
| 22:14 | Build | Farm |
| 22:30 | Create | Cavalry Archer |
| 22:30 | Create | Cavalry Archer |
| 22:30 | Create | Cavalry Archer |
| 22:48 | Research | Padded Archer Armor |
| 22:52 | Create | Villager (Male) |
| 23:16 | Create | Villager (Male) |
| 23:17 | Create | Cavalry Archer |
| 23:18 | Create | Cavalry Archer |
| 23:34 | Create | Cavalry Archer |
| 23:34 | Create | Cavalry Archer |
| 23:35 | Create | Villager (Male) |
| 23:36 | Create | Villager (Male) |
| 23:38 | Build | Farm |
| 23:40 | Build | House |
| 23:56 | Build | House |
| 23:59 | Create | Villager (Male) |
| 24:06 | Build | Lumber Camp |
| 24:18 | Create | Villager (Male) |
| 24:19 | Create | Villager (Male) |
| 24:21 | Create | Cavalry Archer |
| 24:21 | Create | Cavalry Archer |
Build order — SteileMouKaiTo200
First 150 of 189 actions detected
| 0:03 | Create | Villager (Male) |
| 0:03 | Create | Villager (Male) |
| 0:04 | Build | House |
| 0:06 | Create | Villager (Male) |
| 0:06 | Create | Villager (Male) |
| 0:11 | Build | House |
| 1:22 | Create | Villager (Male) |
| 1:23 | Create | Villager (Male) |
| 1:57 | Build | Lumber Camp |
| 2:04 | Create | Villager (Male) |
| 2:21 | Create | Villager (Male) |
| 2:55 | Create | Villager (Male) |
| 2:55 | Create | Villager (Male) |
| 3:05 | Build | House |
| 3:07 | Create | Villager (Male) |
| 3:07 | Create | Villager (Male) |
| 3:42 | Create | Villager (Male) |
| 3:42 | Create | Villager (Male) |
| 3:49 | Build | Mill |
| 4:24 | Create | Villager (Male) |
| 4:24 | Create | Villager (Male) |
| 4:52 | Create | Villager (Male) |
| 4:52 | Create | Villager (Male) |
| 5:08 | Create | Villager (Male) |
| 5:08 | Create | Villager (Male) |
| 5:57 | Create | Villager (Male) |
| 5:57 | Create | Villager (Male) |
| 6:19 | Create | Villager (Male) |
| 6:19 | Create | Villager (Male) |
| 6:19 | Create | Villager (Male) |
| 6:33 | Create | Villager (Male) |
| 6:34 | Create | Villager (Male) |
| 6:40 | Build | House |
| 6:41 | Create | Villager (Male) |
| 7:49 | Research | Feudal Age |
| 7:49 | Research | Feudal Age |
| 8:03 | Build | Palisade Wall |
| 8:07 | Build | Palisade Wall |
| 8:08 | Build | Palisade Wall |
| 8:09 | Build | Palisade Wall |
| 8:37 | Build | House |
| 8:49 | Build | Lumber Camp |
| 9:40 | Build | Barracks |
| 9:55 | Create | Villager (Male) |
| 9:59 | Age | Feudal Age |
| 10:02 | Research | Double-Bit Axe |
| 10:03 | Create | Villager (Male) |
| 10:16 | Build | House |
| 10:26 | Build | Stone Wall |
| 10:35 | Build | Stable |
| 10:39 | Build | Stone Wall |
| 10:42 | Create | Villager (Male) |
| 10:55 | Build | Stone Wall |
| 11:02 | Build | Stone Wall |
| 11:04 | Create | Villager (Male) |
| 11:24 | Create | Scout Cavalry |
| 11:38 | Build | Stone Wall |
| 11:43 | Build | Gate |
| 11:46 | Create | Villager (Male) |
| 11:53 | Create | Villager (Male) |
| 11:57 | Build | Stone Wall |
| 11:58 | Build | Stone Wall |
| 11:59 | Build | Stone Wall |
| 12:00 | Build | Stone Wall |
| 12:12 | Build | House |
| 12:13 | Build | House |
| 12:15 | Build | House |
| 12:18 | Create | Scout Cavalry |
| 12:29 | Build | Blacksmith |
| 12:34 | Create | Villager (Male) |
| 12:44 | Create | Scout Cavalry |
| 12:47 | Create | Villager (Male) |
| 12:49 | Build | Farm |
| 12:50 | Build | Farm |
| 12:54 | Build | Farm |
| 12:56 | Build | Farm |
| 12:58 | Build | Farm |
| 13:00 | Create | Scout Cavalry |
| 13:07 | Build | Farm |
| 13:17 | Create | Scout Cavalry |
| 13:17 | Create | Villager (Male) |
| 13:22 | Build | Farm |
| 13:26 | Build | Farm |
| 13:40 | Create | Scout Cavalry |
| 13:42 | Research | Scale Barding Armor |
| 13:47 | Build | Farm |
| 13:48 | Build | Farm |
| 13:50 | Build | Farm |
| 13:54 | Create | Villager (Male) |
| 13:57 | Build | Farm |
| 14:20 | Create | Villager (Male) |
| 14:27 | Build | Farm |
| 14:30 | Build | Farm |
| 14:33 | Build | Farm |
| 14:35 | Create | Villager (Male) |
| 14:52 | Create | Scout Cavalry |
| 14:57 | Create | Villager (Male) |
| 15:16 | Create | Scout Cavalry |
| 15:19 | Build | Farm |
| 15:21 | Build | Farm |
| 15:23 | Build | Farm |
| 15:24 | Build | Farm |
| 15:28 | Build | Farm |
| 15:28 | Create | Villager (Male) |
| 15:33 | Build | Farm |
| 15:47 | Create | Villager (Male) |
| 15:49 | Build | Farm |
| 15:51 | Build | Farm |
| 15:59 | Research | Forging |
| 16:19 | Build | Farm |
| 16:21 | Create | Scout Cavalry |
| 16:22 | Create | Villager (Male) |
| 16:33 | Create | Scout Cavalry |
| 16:45 | Create | Villager (Male) |
| 16:47 | Build | Farm |
| 16:48 | Build | Farm |
| 17:04 | Create | Scout Cavalry |
| 17:09 | Research | Bloodlines |
| 17:09 | Research | Bloodlines |
| 17:17 | Create | Villager (Male) |
| 17:23 | Build | Mining Camp |
| 17:35 | Create | Scout Cavalry |
| 17:49 | Research | Wheelbarrow |
| 17:54 | Build | Mining Camp |
| 18:00 | Research | Town Watch |
| 18:39 | Research | Loom |
| 18:45 | Create | Scout Cavalry |
| 18:57 | Create | Villager (Male) |
| 19:18 | Build | House |
| 19:19 | Build | House |
| 19:24 | Create | Scout Cavalry |
| 19:50 | Create | Villager (Male) |
| 19:58 | Build | House |
| 20:00 | Create | Scout Cavalry |
| 20:27 | Create | Scout Cavalry |
| 20:50 | Research | Castle Age |
| 20:52 | Build | Lumber Camp |
| 20:55 | Create | Scout Cavalry |
| 21:02 | Research | Stone Mining |
| 21:19 | Create | Scout Cavalry |
| 21:41 | Build | House |
| 21:46 | Research | Gold Mining |
| 21:49 | Create | Scout Cavalry |
| 22:21 | Create | Scout Cavalry |
| 22:22 | Create | Villager (Male) |
| 22:43 | Create | Scout Cavalry |
| 23:07 | Create | Scout Cavalry |
| 23:30 | Age | Castle Age |
| 23:32 | Research | Chain Barding Armor |
| 23:35 | Research | Light Cavalry (upgrade) |
Build order — sgt peppers s
First 150 of 158 actions detected
| 0:09 | Build | House |
| 0:14 | Build | House |
| 0:15 | Build | House |
| 0:17 | Create | Villager (Male) |
| 0:18 | Create | Villager (Male) |
| 0:18 | Create | Villager (Male) |
| 0:18 | Create | Villager (Male) |
| 0:18 | Create | Villager (Male) |
| 1:46 | Create | Villager (Male) |
| 1:46 | Create | Villager (Male) |
| 2:13 | Create | Villager (Male) |
| 2:17 | Build | Lumber Camp |
| 2:29 | Research | Loom |
| 2:37 | Create | Villager (Male) |
| 3:11 | Create | Villager (Male) |
| 3:11 | Create | Villager (Male) |
| 3:36 | Create | Villager (Male) |
| 3:36 | Create | Villager (Male) |
| 4:00 | Research | Loom |
| 4:00 | Create | Villager (Male) |
| 4:01 | Create | Villager (Male) |
| 4:07 | Build | House |
| 4:08 | Build | House |
| 4:26 | Create | Villager (Male) |
| 4:26 | Create | Villager (Male) |
| 4:26 | Create | Villager (Male) |
| 4:45 | Build | Mill |
| 5:14 | Create | Villager (Male) |
| 5:14 | Create | Villager (Male) |
| 5:49 | Create | Villager (Male) |
| 5:49 | Create | Villager (Male) |
| 6:22 | Research | Loom |
| 6:22 | Research | Loom |
| 7:26 | Research | Feudal Age |
| 7:26 | Research | Feudal Age |
| 7:35 | Build | Mining Camp |
| 8:37 | Build | Barracks |
| 9:18 | Create | Villager (Male) |
| 9:18 | Create | Villager (Male) |
| 9:36 | Age | Feudal Age |
| 9:40 | Build | Archery Range |
| 10:06 | Build | Archery Range |
| 10:07 | Create | Villager (Male) |
| 10:19 | Build | Palisade Wall |
| 10:21 | Create | Villager (Male) |
| 10:36 | Create | Archer |
| 10:43 | Build | Palisade Wall |
| 10:56 | Create | Archer |
| 10:59 | Build | House |
| 11:00 | Create | Villager (Male) |
| 11:08 | Create | Archer |
| 11:08 | Create | Archer |
| 11:09 | Create | Archer |
| 11:09 | Create | Archer |
| 11:20 | Build | House |
| 11:47 | Build | Blacksmith |
| 11:49 | Create | Villager (Male) |
| 12:03 | Create | Archer |
| 12:05 | Create | Villager (Male) |
| 12:12 | Create | Archer |
| 12:12 | Create | Archer |
| 12:30 | Create | Archer |
| 12:30 | Create | Archer |
| 12:30 | Create | Archer |
| 12:31 | Create | Archer |
| 12:36 | Research | Fletching |
| 12:56 | Create | Archer |
| 12:56 | Create | Archer |
| 12:58 | Create | Villager (Male) |
| 13:46 | Build | House |
| 13:47 | Build | House |
| 13:48 | Build | House |
| 13:50 | Build | House |
| 14:19 | Create | Archer |
| 14:19 | Create | Archer |
| 14:19 | Create | Archer |
| 14:28 | Create | Villager (Male) |
| 14:34 | Build | Palisade Wall |
| 14:45 | Build | Palisade Wall |
| 14:55 | Build | House |
| 15:05 | Create | Archer |
| 15:05 | Create | Archer |
| 15:05 | Create | Archer |
| 15:14 | Create | Villager (Male) |
| 15:14 | Create | Villager (Male) |
| 15:39 | Create | Villager (Male) |
| 15:39 | Create | Villager (Male) |
| 15:52 | Create | Villager (Male) |
| 15:52 | Create | Villager (Male) |
| 15:52 | Create | Villager (Male) |
| 16:32 | Create | Archer |
| 16:32 | Create | Archer |
| 16:33 | Create | Archer |
| 16:33 | Create | Archer |
| 16:42 | Create | Villager (Male) |
| 16:56 | Build | Palisade Gate |
| 17:24 | Build | Mill |
| 18:18 | Build | Farm |
| 18:19 | Build | Farm |
| 18:44 | Build | Farm |
| 19:04 | Build | Farm |
| 19:05 | Build | Farm |
| 19:06 | Build | Farm |
| 19:07 | Build | Farm |
| 19:08 | Create | Villager (Male) |
| 19:08 | Create | Villager (Male) |
| 19:08 | Create | Villager (Male) |
| 19:35 | Build | Market |
| 20:07 | Research | Padded Archer Armor |
| 20:08 | Research | Padded Archer Armor |
| 20:29 | Create | Archer |
| 20:29 | Create | Archer |
| 20:30 | Create | Archer |
| 20:30 | Create | Archer |
| 20:30 | Create | Archer |
| 20:30 | Create | Archer |
| 20:30 | Create | Archer |
| 20:58 | Create | Archer |
| 20:59 | Create | Archer |
| 20:59 | Create | Archer |
| 20:59 | Create | Archer |
| 21:05 | Build | Farm |
| 21:07 | Build | Farm |
| 21:33 | Create | Villager (Male) |
| 21:33 | Create | Villager (Male) |
| 21:34 | Create | Villager (Male) |
| 22:04 | Research | Double-Bit Axe |
| 22:18 | Research | Horse Collar |
| 22:47 | Create | Archer |
| 22:47 | Create | Archer |
| 22:47 | Create | Archer |
| 22:47 | Create | Archer |
| 22:47 | Create | Archer |
| 22:48 | Create | Archer |
| 22:54 | Research | Wheelbarrow |
| 23:14 | Build | House |
| 23:16 | Build | House |
| 24:28 | Research | Castle Age |
| 24:29 | Research | Castle Age |
| 24:31 | Create | Archer |
| 24:38 | Build | Lumber Camp |
| 24:40 | Build | Lumber Camp |
| 25:13 | Build | House |
| 25:31 | Create | Archer |
| 25:31 | Create | Archer |
| 25:31 | Create | Archer |
| 27:02 | Create | Archer |
| 27:03 | Create | Archer |
| 27:03 | Create | Archer |
| 27:03 | Create | Archer |
Build order — Oliver
138 actions detected in the replay
| 0:02 | Build | House |
| 0:03 | Create | Villager (Male) ×4 |
| 0:03 | Create | Villager (Male) ×4 |
| 0:04 | Build | House |
| 1:14 | Create | Villager (Male) |
| 1:42 | Create | Villager (Male) |
| 1:46 | Build | Lumber Camp |
| 2:16 | Research | Loom |
| 2:19 | Create | Villager (Male) |
| 2:51 | Create | Villager (Male) |
| 3:08 | Create | Villager (Male) |
| 3:28 | Build | House |
| 3:35 | Create | Villager (Male) |
| 4:10 | Create | Villager (Male) |
| 4:42 | Create | Villager (Male) |
| 4:42 | Create | Villager (Male) |
| 4:47 | Create | Villager (Male) |
| 5:19 | Create | Villager (Male) |
| 5:21 | Create | Villager (Male) |
| 5:22 | Create | Villager (Male) |
| 5:34 | Build | Mill |
| 5:45 | Create | Villager (Male) |
| 6:01 | Build | House |
| 6:32 | Research | Loom |
| 7:09 | Research | Feudal Age |
| 7:33 | Build | Barracks |
| 7:40 | Build | Barracks |
| 8:56 | Build | House |
| 9:06 | Create | Villager (Male) |
| 9:07 | Create | Villager (Male) |
| 9:22 | Age | Feudal Age |
| 9:23 | Build | Stable |
| 9:54 | Research | Double-Bit Axe |
| 10:20 | Create | Scout Cavalry |
| 10:20 | Create | Scout Cavalry |
| 10:22 | Create | Villager (Male) |
| 10:22 | Create | Villager (Male) |
| 10:30 | Build | Blacksmith |
| 10:35 | Create | Villager (Male) |
| 10:37 | Create | Scout Cavalry |
| 10:57 | Build | Mill |
| 11:04 | Create | Villager (Male) |
| 11:05 | Create | Scout Cavalry |
| 11:13 | Research | Scale Barding Armor |
| 11:18 | Build | House |
| 11:28 | Create | Scout Cavalry |
| 11:36 | Research | Forging |
| 11:41 | Build | Farm |
| 11:56 | Build | House |
| 12:03 | Create | Villager (Male) |
| 12:05 | Build | Farm |
| 12:19 | Create | Villager (Male) |
| 12:32 | Build | Farm |
| 12:34 | Build | Farm |
| 12:46 | Create | Villager (Male) |
| 13:01 | Create | Spearman |
| 13:13 | Create | Villager (Male) |
| 13:17 | Build | Farm |
| 14:05 | Create | Villager (Male) |
| 14:05 | Create | Villager (Male) |
| 14:06 | Create | Villager (Male) |
| 14:09 | Build | Farm |
| 14:09 | Build | Farm |
| 14:09 | Build | Farm |
| 14:10 | Create | Scout Cavalry |
| 14:11 | Create | Scout Cavalry |
| 14:13 | Create | Spearman |
| 14:22 | Create | Villager (Male) |
| 14:30 | Create | Villager (Male) |
| 14:31 | Create | Villager (Male) |
| 14:42 | Build | Farm |
| 14:43 | Build | Farm |
| 14:58 | Create | Scout Cavalry |
| 15:15 | Create | Villager (Male) |
| 15:35 | Create | Villager (Male) |
| 15:35 | Create | Villager (Male) |
| 15:45 | Build | House |
| 15:45 | Build | House |
| 15:46 | Build | House |
| 15:46 | Build | House |
| 15:46 | Build | House |
| 15:54 | Create | Scout Cavalry |
| 16:02 | Create | Villager (Male) |
| 16:03 | Build | Farm |
| 16:03 | Build | Farm |
| 16:04 | Build | Farm |
| 16:05 | Build | Farm |
| 16:06 | Create | Villager (Male) |
| 16:13 | Build | Mining Camp |
| 16:20 | Create | Scout Cavalry |
| 16:35 | Create | Scout Cavalry |
| 17:18 | Build | Farm |
| 17:18 | Build | Farm |
| 17:18 | Build | Farm |
| 17:46 | Create | Scout Cavalry |
| 18:16 | Create | Villager (Male) |
| 18:17 | Research | Wheelbarrow |
| 18:20 | Build | Farm |
| 18:20 | Build | Farm |
| 18:20 | Build | Farm |
| 18:54 | Build | Stable |
| 19:16 | Create | Spearman |
| 19:17 | Create | Spearman |
| 20:24 | Build | Farm |
| 20:46 | Build | Farm |
| 20:47 | Create | Villager (Male) |
| 20:56 | Create | Spearman |
| 20:57 | Create | Spearman |
| 22:03 | Build | Lumber Camp |
| 22:07 | Create | Villager (Male) |
| 22:08 | Create | Villager (Male) |
| 22:08 | Create | Villager (Male) |
| 22:20 | Build | House |
| 22:20 | Build | House |
| 22:23 | Build | Palisade Gate |
| 22:24 | Build | House |
| 22:25 | Build | Palisade Wall |
| 23:00 | Research | Castle Age |
| 23:03 | Build | Stable |
| 23:23 | Build | Mining Camp |
| 24:29 | Build | Farm |
| 25:00 | Create | Villager (Male) |
| 25:01 | Create | Villager (Male) |
| 25:35 | Build | Farm |
| 25:40 | Age | Castle Age |
| 25:45 | Create | Knight |
| 25:46 | Create | Knight |
| 25:46 | Create | Knight |
| 25:46 | Create | Knight |
| 25:46 | Create | Knight |
| 26:08 | Create | Knight |
| 26:08 | Create | Knight |
| 26:23 | Build | Town Center |
| 26:25 | Create | Villager (Male) |
| 26:26 | Create | Knight |
| 26:26 | Create | Knight |
| 26:57 | Create | Villager (Male) |
| 26:58 | Create | Villager (Male) |
Build order — BTJ | Dr Colageno
First 150 of 170 actions detected
| 0:01 | Create | Villager (Male) |
| 0:01 | Create | Villager (Male) |
| 0:01 | Create | Villager (Male) |
| 0:01 | Create | Villager (Male) |
| 0:03 | Build | House |
| 0:05 | Build | House |
| 1:29 | Create | Villager (Male) |
| 1:30 | Create | Villager (Male) |
| 1:56 | Build | Lumber Camp |
| 2:05 | Create | Villager (Male) |
| 2:30 | Create | Villager (Male) |
| 2:53 | Create | Villager (Male) |
| 3:07 | Create | Villager (Male) |
| 3:07 | Create | Villager (Male) |
| 3:42 | Create | Villager (Male) |
| 3:42 | Create | Villager (Male) |
| 3:51 | Build | House |
| 3:53 | Build | House |
| 3:58 | Create | Villager (Male) |
| 4:22 | Create | Villager (Male) |
| 4:27 | Build | Mill |
| 4:48 | Create | Villager (Male) |
| 4:48 | Create | Villager (Male) |
| 5:25 | Create | Villager (Male) |
| 6:01 | Research | Loom |
| 6:47 | Create | Villager (Male) |
| 7:09 | Research | Feudal Age |
| 7:28 | Build | Lumber Camp |
| 8:18 | Build | Barracks |
| 8:43 | Create | Villager (Male) |
| 9:22 | Age | Feudal Age |
| 9:27 | Build | Stable |
| 9:38 | Research | Double-Bit Axe |
| 9:41 | Create | Villager (Male) |
| 9:49 | Research | Horse Collar |
| 10:04 | Create | Villager (Male) |
| 10:10 | Build | House |
| 10:13 | Create | Scout Cavalry |
| 10:13 | Create | Scout Cavalry |
| 10:21 | Create | Villager (Male) |
| 10:33 | Create | Villager (Male) |
| 10:46 | Build | House |
| 10:47 | Build | Palisade Wall |
| 10:49 | Create | Villager (Male) |
| 10:51 | Build | Farm |
| 11:14 | Create | Villager (Male) |
| 11:18 | Build | Farm |
| 11:24 | Build | House |
| 11:26 | Build | House |
| 11:34 | Build | Farm |
| 11:35 | Create | Villager (Male) |
| 11:47 | Create | Scout Cavalry |
| 11:58 | Create | Villager (Male) |
| 12:00 | Build | Farm |
| 12:06 | Build | Farm |
| 12:07 | Build | Farm |
| 12:13 | Create | Scout Cavalry |
| 12:23 | Build | Farm |
| 12:40 | Create | Scout Cavalry |
| 12:41 | Create | Scout Cavalry |
| 13:12 | Create | Villager (Male) |
| 13:12 | Create | Villager (Male) |
| 13:13 | Build | Farm |
| 13:29 | Create | Scout Cavalry |
| 13:29 | Create | Scout Cavalry |
| 13:29 | Create | Scout Cavalry |
| 14:08 | Create | Scout Cavalry |
| 14:09 | Create | Scout Cavalry |
| 14:11 | Create | Villager (Male) |
| 14:13 | Build | Farm |
| 14:13 | Build | Farm |
| 14:14 | Build | Farm |
| 14:14 | Build | Farm |
| 14:14 | Build | Farm |
| 14:15 | Create | Villager (Male) |
| 14:53 | Create | Scout Cavalry |
| 14:53 | Create | Scout Cavalry |
| 14:59 | Build | Farm |
| 14:59 | Build | Farm |
| 14:59 | Build | Farm |
| 14:59 | Build | Farm |
| 15:00 | Build | Farm |
| 15:00 | Build | Farm |
| 15:00 | Create | Villager (Male) |
| 15:29 | Create | Scout Cavalry |
| 16:05 | Create | Scout Cavalry |
| 16:05 | Create | Scout Cavalry |
| 16:05 | Create | Scout Cavalry |
| 16:14 | Create | Villager (Male) |
| 17:04 | Create | Villager (Male) |
| 17:04 | Create | Villager (Male) |
| 17:10 | Build | Mining Camp |
| 17:26 | Build | Blacksmith |
| 17:29 | Build | Market |
| 17:32 | Build | Farm |
| 17:55 | Create | Scout Cavalry |
| 17:55 | Create | Scout Cavalry |
| 17:57 | Build | House |
| 17:59 | Build | Palisade Wall |
| 18:01 | Build | House |
| 18:18 | Create | Villager (Male) |
| 18:42 | Create | Villager (Male) |
| 18:47 | Build | Mining Camp |
| 18:50 | Build | Mining Camp |
| 19:14 | Create | Villager (Male) |
| 19:28 | Research | Castle Age |
| 19:28 | Research | Castle Age |
| 19:47 | Create | Villager (Male) |
| 19:52 | Research | Gold Mining |
| 20:15 | Build | Stable |
| 20:18 | Create | Villager (Male) |
| 20:42 | Research | Scale Barding Armor |
| 20:43 | Research | Forging |
| 20:58 | Research | Bloodlines |
| 21:44 | Create | Villager (Male) |
| 22:19 | Age | Castle Age |
| 22:21 | Create | Knight |
| 22:22 | Create | Knight |
| 22:22 | Create | Knight |
| 22:22 | Create | Knight |
| 22:22 | Create | Knight |
| 22:41 | Research | Bow Saw |
| 22:41 | Research | Bow Saw |
| 22:44 | Research | Iron Casting |
| 22:44 | Research | Iron Casting |
| 23:04 | Create | Knight |
| 23:04 | Create | Knight |
| 23:06 | Create | Villager (Male) |
| 23:15 | Create | Villager (Male) |
| 23:44 | Create | Knight |
| 23:45 | Create | Knight |
| 23:45 | Create | Knight |
| 23:47 | Build | Farm |
| 23:47 | Build | Farm |
| 23:52 | Create | Villager (Male) |
| 24:12 | Create | Knight |
| 24:14 | Research | Husbandry |
| 24:16 | Create | Villager (Male) |
| 24:28 | Build | House |
| 24:29 | Build | House |
| 24:47 | Create | Knight |
| 24:48 | Create | Knight |
| 24:49 | Create | Knight |
| 24:49 | Create | Knight |
| 24:50 | Create | Villager (Male) |
| 25:29 | Create | Knight |
| 25:29 | Create | Knight |
| 25:30 | Create | Knight |
| 26:08 | Create | Knight |
| 26:09 | Create | Knight |
Build order — Didi
First 150 of 159 actions detected
| 0:03 | Create | Villager (Male) ×4 |
| 0:04 | Create | Villager (Male) ×4 |
| 0:06 | Build | House |
| 0:07 | Build | House |
| 1:36 | Create | Villager (Male) |
| 1:36 | Create | Villager (Male) |
| 1:59 | Build | Lumber Camp |
| 2:04 | Create | Villager (Male) |
| 2:04 | Create | Villager (Male) |
| 2:15 | Create | Villager (Male) |
| 2:15 | Create | Villager (Male) |
| 2:53 | Create | Villager (Male) |
| 2:53 | Create | Villager (Male) |
| 3:09 | Create | Villager (Male) |
| 3:37 | Create | Villager (Male) |
| 3:55 | Build | House |
| 4:14 | Create | Villager (Male) |
| 4:14 | Create | Villager (Male) |
| 4:14 | Create | Villager (Male) |
| 4:30 | Build | House |
| 4:31 | Build | Palisade Wall |
| 4:31 | Build | Palisade Wall |
| 4:59 | Create | Villager (Male) |
| 5:02 | Create | Villager (Male) |
| 5:26 | Create | Villager (Male) |
| 5:50 | Create | Villager (Male) |
| 6:00 | Build | Mining Camp |
| 6:31 | Research | Loom |
| 7:10 | Research | Feudal Age |
| 7:10 | Research | Feudal Age |
| 7:14 | Build | Barracks |
| 7:30 | Build | House |
| 7:31 | Build | Palisade Wall |
| 7:35 | Build | Palisade Wall |
| 8:27 | Create | Militia |
| 8:27 | Create | Militia |
| 8:43 | Build | House |
| 9:20 | Age | Feudal Age |
| 9:25 | Build | Archery Range |
| 9:36 | Build | Archery Range |
| 9:39 | Create | Villager (Male) |
| 10:13 | Build | Blacksmith |
| 10:26 | Create | Archer |
| 10:26 | Create | Archer |
| 10:28 | Create | Villager (Male) |
| 10:37 | Build | Palisade Wall |
| 10:39 | Build | Palisade Wall |
| 10:47 | Create | Archer |
| 10:56 | Build | Palisade Gate |
| 10:58 | Build | Palisade Wall |
| 11:03 | Research | Fletching |
| 11:05 | Create | Archer |
| 11:05 | Create | Archer |
| 11:27 | Create | Archer |
| 11:30 | Create | Spearman |
| 11:39 | Create | Villager (Male) |
| 11:48 | Create | Archer |
| 11:51 | Research | Double-Bit Axe |
| 11:55 | Build | Palisade Wall |
| 12:05 | Create | Archer |
| 12:05 | Create | Archer |
| 12:13 | Create | Archer |
| 12:35 | Build | Mill |
| 13:00 | Create | Archer |
| 13:00 | Create | Archer |
| 13:02 | Create | Villager (Male) |
| 13:04 | Build | House |
| 13:06 | Build | House |
| 13:20 | Create | Archer |
| 13:25 | Create | Archer |
| 13:51 | Build | House |
| 13:53 | Create | Villager (Male) |
| 14:24 | Create | Archer |
| 14:24 | Create | Archer |
| 14:25 | Create | Villager (Male) |
| 14:27 | Build | House |
| 14:32 | Build | Lumber Camp |
| 14:36 | Create | Archer |
| 14:36 | Create | Archer |
| 15:16 | Create | Archer |
| 15:19 | Create | Archer |
| 15:20 | Build | Farm |
| 15:20 | Build | Farm |
| 15:27 | Build | Farm |
| 15:45 | Create | Archer |
| 16:00 | Create | Archer |
| 16:04 | Create | Villager (Male) |
| 16:05 | Create | Villager (Male) |
| 16:09 | Build | Farm |
| 16:14 | Create | Archer |
| 16:17 | Build | House |
| 16:32 | Create | Archer |
| 16:35 | Research | Padded Archer Armor |
| 17:07 | Create | Archer |
| 17:08 | Create | Villager (Male) |
| 17:12 | Build | Farm |
| 17:12 | Build | Farm |
| 17:42 | Create | Archer |
| 17:43 | Create | Villager (Male) |
| 17:46 | Build | Farm |
| 17:48 | Create | Archer |
| 17:50 | Create | Villager (Male) |
| 17:56 | Build | Farm |
| 18:02 | Create | Archer |
| 18:28 | Build | Lumber Camp |
| 18:41 | Create | Archer |
| 18:42 | Create | Villager (Male) |
| 19:04 | Research | Wheelbarrow |
| 19:05 | Research | Wheelbarrow |
| 19:09 | Build | Palisade Wall |
| 19:14 | Build | Farm |
| 19:17 | Create | Archer |
| 19:21 | Build | Farm |
| 20:12 | Create | Archer |
| 20:12 | Create | Archer |
| 20:17 | Create | Villager (Male) |
| 20:21 | Build | Market |
| 20:34 | Create | Archer |
| 20:34 | Create | Archer |
| 21:16 | Create | Archer |
| 21:28 | Create | Archer |
| 21:28 | Create | Archer |
| 21:37 | Create | Archer |
| 22:30 | Research | Castle Age |
| 22:31 | Research | Castle Age |
| 22:41 | Create | Archer |
| 22:41 | Create | Archer |
| 22:45 | Build | Palisade Wall |
| 23:03 | Create | Archer |
| 23:03 | Create | Archer |
| 23:18 | Build | House |
| 23:24 | Research | Gold Mining |
| 23:38 | Build | House |
| 23:51 | Create | Archer |
| 24:15 | Build | House |
| 24:20 | Build | Lumber Camp |
| 25:04 | Build | House |
| 25:06 | Build | Palisade Wall |
| 25:10 | Age | Castle Age |
| 25:16 | Research | Bodkin Arrow |
| 25:18 | Research | Crossbowman (upgrade) |
| 25:24 | Create | Villager (Male) |
| 25:29 | Research | Bow Saw |
| 25:31 | Create | Archer |
| 25:39 | Create | Archer |
| 25:39 | Create | Archer |
| 25:47 | Create | Archer |
| 25:53 | Create | Villager (Male) |
| 26:05 | Create | Villager (Male) |
| 26:14 | Build | House |
Build order — Samara
First 150 of 200 actions detected
| 0:02 | Create | Villager (Male) |
| 0:02 | Create | Villager (Male) |
| 0:04 | Build | House |
| 0:05 | Build | House |
| 0:13 | Create | Villager (Male) |
| 0:21 | Create | Villager (Male) |
| 1:21 | Create | Villager (Male) |
| 1:21 | Create | Villager (Male) |
| 1:46 | Create | Villager (Male) |
| 1:50 | Build | Lumber Camp |
| 2:01 | Create | Villager (Male) |
| 2:28 | Create | Villager (Male) |
| 2:58 | Create | Villager (Male) |
| 3:21 | Create | Villager (Male) |
| 3:42 | Create | Villager (Male) |
| 3:56 | Build | House |
| 4:27 | Create | Villager (Male) |
| 4:44 | Build | House |
| 4:52 | Build | House |
| 4:55 | Create | Villager (Male) |
| 5:12 | Build | Mining Camp |
| 5:23 | Build | House |
| 5:24 | Build | House |
| 5:25 | Build | House |
| 5:27 | Create | Villager (Male) |
| 5:48 | Create | Villager (Male) |
| 6:16 | Create | Villager (Male) |
| 6:40 | Research | Loom |
| 7:09 | Research | Feudal Age |
| 7:24 | Build | Barracks |
| 9:20 | Age | Feudal Age |
| 9:25 | Build | Archery Range |
| 9:33 | Create | Spearman |
| 9:34 | Create | Villager (Male) |
| 9:40 | Research | Double-Bit Axe |
| 9:40 | Research | Double-Bit Axe |
| 10:00 | Create | Villager (Male) |
| 10:11 | Create | Villager (Male) |
| 10:34 | Build | Archery Range |
| 10:40 | Create | Villager (Male) |
| 10:43 | Build | Mill |
| 11:01 | Build | Palisade Wall |
| 11:05 | Build | Archery Range |
| 11:33 | Create | Archer |
| 11:33 | Create | Archer |
| 11:33 | Create | Archer |
| 11:34 | Create | Archer |
| 11:34 | Create | Archer |
| 11:43 | Build | Palisade Wall |
| 11:51 | Create | Archer |
| 11:51 | Create | Archer |
| 11:51 | Create | Archer |
| 11:53 | Create | Villager (Male) |
| 11:54 | Create | Villager (Male) |
| 12:09 | Build | House |
| 12:10 | Build | House |
| 12:14 | Build | Blacksmith |
| 12:26 | Create | Villager (Male) |
| 13:04 | Create | Villager (Male) |
| 13:07 | Build | Farm |
| 13:08 | Build | Farm |
| 13:09 | Build | Farm |
| 13:13 | Create | Archer |
| 13:14 | Create | Archer |
| 13:14 | Create | Archer |
| 13:26 | Build | House |
| 13:29 | Create | Villager (Male) |
| 13:51 | Create | Archer |
| 14:19 | Create | Archer |
| 14:19 | Create | Archer |
| 14:21 | Create | Villager (Male) |
| 14:21 | Create | Villager (Male) |
| 14:37 | Research | Fletching |
| 14:44 | Build | House |
| 14:47 | Build | Palisade Wall |
| 14:49 | Build | House |
| 14:56 | Create | Skirmisher |
| 14:56 | Create | Skirmisher |
| 14:56 | Create | Skirmisher |
| 14:56 | Create | Skirmisher |
| 15:05 | Build | House |
| 15:07 | Create | Villager (Male) |
| 15:26 | Create | Villager (Male) |
| 15:39 | Create | Skirmisher |
| 15:57 | Create | Villager (Male) |
| 16:00 | Build | Farm |
| 16:01 | Build | Farm |
| 16:01 | Build | Farm |
| 16:02 | Build | Farm |
| 16:02 | Build | Farm |
| 16:04 | Build | Farm |
| 16:04 | Build | Farm |
| 16:09 | Build | Farm |
| 16:10 | Create | Villager (Male) |
| 16:15 | Create | Archer |
| 16:15 | Create | Archer |
| 16:15 | Create | Archer |
| 16:32 | Build | Stone Wall |
| 16:39 | Create | Skirmisher |
| 16:41 | Create | Skirmisher |
| 16:42 | Create | Villager (Male) |
| 16:49 | Build | House |
| 16:50 | Build | House |
| 16:51 | Build | House |
| 17:00 | Research | Horse Collar |
| 17:00 | Research | Horse Collar |
| 17:06 | Create | Skirmisher |
| 17:07 | Create | Skirmisher |
| 17:07 | Create | Skirmisher |
| 17:07 | Create | Skirmisher |
| 17:23 | Create | Skirmisher |
| 17:23 | Create | Skirmisher |
| 17:29 | Create | Villager (Male) |
| 17:36 | Create | Spearman |
| 17:37 | Create | Skirmisher |
| 17:47 | Build | Watch Tower |
| 17:47 | Create | Villager (Male) |
| 18:03 | Create | Skirmisher |
| 18:03 | Create | Skirmisher |
| 18:09 | Create | Villager (Male) |
| 18:30 | Create | Archer |
| 18:33 | Create | Villager (Male) |
| 18:37 | Research | Padded Archer Armor |
| 18:38 | Research | Padded Archer Armor |
| 18:40 | Build | Mining Camp |
| 18:47 | Create | Villager (Male) |
| 19:00 | Create | Skirmisher |
| 19:03 | Create | Skirmisher |
| 19:11 | Create | Villager (Male) |
| 19:17 | Build | Stone Wall |
| 19:23 | Build | Mining Camp |
| 19:27 | Build | Farm |
| 19:40 | Create | Skirmisher |
| 19:41 | Create | Skirmisher |
| 20:00 | Create | Villager (Male) |
| 20:14 | Create | Archer |
| 20:15 | Create | Archer |
| 20:15 | Create | Archer |
| 20:17 | Create | Spearman |
| 20:18 | Create | Spearman |
| 20:19 | Research | Scale Mail Armor |
| 20:21 | Create | Villager (Male) |
| 20:34 | Build | Lumber Camp |
| 20:38 | Build | Lumber Camp |
| 20:45 | Create | Archer |
| 20:51 | Create | Villager (Male) |
| 20:56 | Build | Mining Camp |
| 21:07 | Create | Archer |
| 21:07 | Create | Archer |
| 21:10 | Create | Spearman |
Build order — Igalima
First 150 of 153 actions detected
| 0:02 | Create | Villager (Male) |
| 0:03 | Build | House |
| 0:18 | Create | Villager (Male) ×3 |
| 1:14 | Create | Villager (Male) |
| 1:15 | Create | Villager (Male) |
| 1:53 | Build | House |
| 1:59 | Create | Villager (Male) |
| 2:22 | Create | Villager (Male) |
| 2:22 | Create | Villager (Male) |
| 2:41 | Create | Villager (Male) |
| 3:01 | Build | Lumber Camp |
| 3:13 | Create | Villager (Male) |
| 3:15 | Create | Villager (Male) |
| 4:02 | Build | House |
| 4:10 | Create | Villager (Male) |
| 4:10 | Create | Villager (Male) |
| 4:10 | Create | Villager (Male) |
| 4:29 | Build | House |
| 4:39 | Build | Mill |
| 5:02 | Create | Villager (Male) |
| 5:52 | Create | Villager (Male) |
| 6:18 | Create | Villager (Male) |
| 6:35 | Create | Villager (Male) |
| 6:41 | Research | Loom |
| 7:25 | Build | Barracks |
| 7:39 | Research | Feudal Age |
| 7:39 | Research | Feudal Age |
| 8:05 | Build | Farm |
| 8:56 | Create | Villager (Male) |
| 9:10 | Build | House |
| 9:14 | Build | House |
| 9:49 | Age | Feudal Age |
| 9:56 | Build | Stable |
| 10:13 | Create | Villager (Male) |
| 10:15 | Research | Double-Bit Axe |
| 10:30 | Create | Villager (Male) |
| 10:31 | Create | Villager (Male) |
| 10:40 | Research | Horse Collar |
| 10:57 | Create | Scout Cavalry |
| 11:04 | Build | Palisade Wall |
| 11:09 | Build | Palisade Gate |
| 11:19 | Build | Palisade Wall |
| 11:20 | Create | Villager (Male) |
| 11:26 | Build | Palisade Wall |
| 11:29 | Create | Scout Cavalry |
| 11:41 | Create | Villager (Male) |
| 11:51 | Create | Scout Cavalry |
| 12:03 | Build | House |
| 12:04 | Build | Palisade Wall |
| 12:09 | Create | Villager (Male) |
| 12:14 | Create | Scout Cavalry |
| 12:17 | Build | Farm |
| 12:18 | Build | Farm |
| 12:43 | Create | Scout Cavalry |
| 12:56 | Build | Blacksmith |
| 12:57 | Build | House |
| 13:01 | Create | Villager (Male) |
| 13:17 | Create | Scout Cavalry |
| 13:29 | Build | Farm |
| 13:37 | Create | Scout Cavalry |
| 14:09 | Create | Scout Cavalry |
| 14:14 | Research | Forging |
| 14:15 | Research | Forging |
| 14:29 | Create | Scout Cavalry |
| 14:45 | Create | Villager (Male) |
| 14:56 | Create | Villager (Male) |
| 15:14 | Create | Scout Cavalry |
| 15:19 | Build | Farm |
| 15:22 | Create | Villager (Male) |
| 15:39 | Create | Scout Cavalry |
| 15:43 | Build | Farm |
| 15:44 | Build | Farm |
| 15:45 | Build | Farm |
| 15:46 | Build | Farm |
| 15:51 | Build | Farm |
| 15:51 | Build | Farm |
| 15:52 | Build | Farm |
| 15:52 | Build | Farm |
| 15:52 | Build | Farm |
| 15:53 | Build | Farm |
| 16:04 | Create | Scout Cavalry |
| 16:25 | Create | Scout Cavalry |
| 16:26 | Create | Villager (Male) |
| 16:40 | Create | Scout Cavalry |
| 16:43 | Build | Farm |
| 16:44 | Build | Farm |
| 16:59 | Create | Scout Cavalry |
| 17:04 | Build | Farm |
| 17:06 | Build | Farm |
| 17:06 | Build | Farm |
| 17:07 | Build | Farm |
| 17:17 | Build | House |
| 17:20 | Build | House |
| 17:21 | Build | Palisade Wall |
| 17:40 | Create | Scout Cavalry |
| 17:43 | Research | Scale Barding Armor |
| 17:53 | Create | Villager (Male) |
| 17:57 | Build | Stable |
| 17:59 | Build | Stable |
| 18:03 | Build | House |
| 18:25 | Create | Villager (Male) |
| 18:28 | Create | Villager (Male) |
| 18:32 | Build | Mining Camp |
| 18:38 | Build | House |
| 18:40 | Build | Palisade Wall |
| 18:49 | Create | Villager (Male) |
| 18:53 | Build | Farm |
| 18:54 | Build | Farm |
| 19:32 | Create | Scout Cavalry |
| 19:32 | Create | Scout Cavalry |
| 19:45 | Create | Scout Cavalry |
| 20:15 | Create | Villager (Male) |
| 20:19 | Create | Villager (Male) |
| 20:29 | Research | Bloodlines |
| 20:36 | Create | Scout Cavalry |
| 20:36 | Create | Scout Cavalry |
| 21:19 | Create | Scout Cavalry |
| 21:20 | Create | Villager (Male) |
| 21:41 | Create | Villager (Male) |
| 22:22 | Research | Castle Age |
| 22:49 | Create | Scout Cavalry |
| 22:50 | Create | Scout Cavalry |
| 23:00 | Build | House |
| 23:01 | Build | House |
| 23:16 | Create | Scout Cavalry |
| 23:48 | Build | House |
| 24:56 | Create | Villager (Male) |
| 24:56 | Create | Villager (Male) |
| 25:02 | Age | Castle Age |
| 25:05 | Build | Town Center |
| 25:08 | Build | Town Center |
| 25:10 | Research | Light Cavalry (upgrade) |
| 25:11 | Research | Husbandry |
| 25:31 | Research | Bow Saw |
| 25:32 | Research | Heavy Plow |
| 25:35 | Build | Mining Camp |
| 25:38 | Create | Villager (Male) ×5 |
| 26:13 | Research | Chain Barding Armor |
| 26:18 | Build | Monastery |
| 26:25 | Build | Farm |
| 26:26 | Build | Farm |
| 26:30 | Build | Farm |
| 26:32 | Build | Farm |
| 26:33 | Create | Villager (Male) |
| 26:34 | Create | Villager (Male) |
| 26:40 | Create | Villager (Male) |
| 26:40 | Create | Villager (Male) |
| 26:40 | Create | Villager (Male) |
| 26:41 | Create | Villager (Male) |
| 26:42 | Create | Villager (Male) |
Match timeline
| 4:31 | Didi · wall_segment Palisade Wall x1 |
| 4:31 | Didi · wall_segment Palisade Wall x1 |
| 5:50 | Mike_raft · first_building Barracks |
| 7:14 | Didi · first_building Barracks |
| 7:19 | Mike_raft · wall_segment Palisade Wall x1 |
| 7:24 | Samara · first_building Barracks |
| 7:25 | Igalima · first_building Barracks |
| 7:31 | Didi · wall_segment Palisade Wall x2 |
| 7:33 | Oliver · first_building Barracks |
| 7:35 | Didi · wall_segment Palisade Wall x5 |
| 7:56 | Mike_raft · wall_segment Palisade Wall x10 |
| 8:03 | SteileMouKaiTo200 · wall_segment Palisade Wall x1 |
| 8:07 | SteileMouKaiTo200 · wall_segment Palisade Wall x1 |
| 8:08 | SteileMouKaiTo200 · wall_segment Palisade Wall x1 |
| 8:09 | SteileMouKaiTo200 · wall_segment Palisade Wall x1 |
| 8:18 | BTJ | Dr Colageno · first_building Barracks |
| 8:37 | sgt peppers s · first_building Barracks |
| 9:11 | Mike_raft · wall_segment Palisade Wall x1 |
| 9:12 | Mike_raft · wall_segment Palisade Wall x1 |
| 9:15 | Mike_raft · wall_segment Palisade Wall x4 |
| 9:20 | Didi · age_up feudal |
| 9:20 | Samara · age_up feudal |
| 9:22 | BTJ | Dr Colageno · age_up feudal |
| 9:22 | Oliver · age_up feudal |
| 9:23 | Oliver · first_building Stable |
| 9:25 | Samara · first_building Archery Range |
| 9:25 | Didi · first_building Archery Range |
| 9:27 | BTJ | Dr Colageno · first_building Stable |
| 9:36 | sgt peppers s · age_up feudal |
| 9:40 | SteileMouKaiTo200 · first_building Barracks |
| 9:40 | sgt peppers s · first_building Archery Range |
| 9:49 | Igalima · age_up feudal |
| 9:56 | Igalima · first_building Stable |
| 9:59 | SteileMouKaiTo200 · age_up feudal |
| 10:05 | Mike_raft · wall_segment Palisade Wall x6 |
| 10:19 | sgt peppers s · wall_segment Palisade Wall x15 |
| 10:26 | SteileMouKaiTo200 · wall_segment Stone Wall x1 |
| 10:35 | SteileMouKaiTo200 · first_building Stable |
| 10:37 | Didi · wall_segment Palisade Wall x8 |
| 10:39 | SteileMouKaiTo200 · wall_segment Stone Wall x2 |
| 10:39 | Didi · wall_segment Palisade Wall x13 |
| 10:43 | sgt peppers s · wall_segment Palisade Wall x1 |
| 10:47 | BTJ | Dr Colageno · wall_segment Palisade Wall x6 |
| 10:55 | SteileMouKaiTo200 · wall_segment Stone Wall x8 |
| 10:58 | Didi · wall_segment Palisade Wall x1 |
| 11:01 | Samara · wall_segment Palisade Wall x12 |
| 11:02 | SteileMouKaiTo200 · wall_segment Stone Wall x2 |
| 11:04 | Igalima · wall_segment Palisade Wall x8 |
| 11:19 | Igalima · wall_segment Palisade Wall x1 |
| 11:26 | Igalima · wall_segment Palisade Wall x1 |
| 11:29 | Mike_raft · age_up feudal |
| 11:37 | Mike_raft · first_building Archery Range |
| 11:38 | SteileMouKaiTo200 · wall_segment Stone Wall x8 |
| 11:43 | Samara · wall_segment Palisade Wall x3 |
| 11:55 | Didi · wall_segment Palisade Wall x1 |
| 11:57 | SteileMouKaiTo200 · wall_segment Stone Wall x1 |
| 11:58 | SteileMouKaiTo200 · wall_segment Stone Wall x1 |
| 11:59 | SteileMouKaiTo200 · wall_segment Stone Wall x1 |
| 12:00 | SteileMouKaiTo200 · wall_segment Stone Wall x1 |
| 12:04 | Igalima · wall_segment Palisade Wall x2 |
| 12:56 | Mike_raft · wall_segment Palisade Wall x1 |
| 13:03 | Mike_raft · wall_segment Palisade Wall x1 |
| 14:34 | sgt peppers s · wall_segment Palisade Wall x7 |
| 14:45 | sgt peppers s · wall_segment Palisade Wall x10 |
| 14:47 | Samara · wall_segment Palisade Wall x1 |
| 16:04 | Mike_raft · age_up castle |
| 16:22 | Mike_raft · wall_segment Palisade Wall x1 |
| 16:25 | Mike_raft · wall_segment Palisade Wall x1 |
| 16:32 | Samara · wall_segment Stone Wall x2 |
| 17:05 | Mike_raft · wall_segment Palisade Wall x1 |
| 17:07 | Mike_raft · wall_segment Palisade Wall x1 |
| 17:21 | Igalima · wall_segment Palisade Wall x6 |
| 17:59 | BTJ | Dr Colageno · wall_segment Palisade Wall x1 |
| 18:40 | Igalima · wall_segment Palisade Wall x10 |
| 19:09 | Didi · wall_segment Palisade Wall x1 |
| 19:17 | Samara · wall_segment Stone Wall x13 |
| 19:21 | BTJ | Dr Colageno · first_market_sell 100 wood |
| 19:38 | Mike_raft · first_market_sell 100 wood |
| 21:46 | sgt peppers s · first_market_buy 100 food |
| 21:47 | sgt peppers s · first_market_sell 100 wood |
| 22:05 | Didi · first_market_sell 500 wood |
| 22:07 | Didi · first_market_buy 100 food |
| 22:19 | BTJ | Dr Colageno · age_up castle |
| 22:25 | Oliver · wall_segment Palisade Wall x1 |
| 22:45 | Didi · wall_segment Palisade Wall x1 |
| 23:30 | SteileMouKaiTo200 · age_up castle |
| 25:02 | Igalima · age_up castle |
| 25:06 | Didi · wall_segment Palisade Wall x1 |
| 25:10 | Didi · age_up castle |
| 25:40 | Oliver · age_up castle |
| 25:52 | SteileMouKaiTo200 · first_building Castle |
| 25:56 | Mike_raft · wall_segment Palisade Wall x1 |
| 26:18 | Igalima · first_building Monastery |
| 26:36 | Mike_raft · wall_segment Palisade Wall x1 |
| 27:08 | sgt peppers s · age_up castle |
| 27:09 | Mike_raft · resign |
| 27:26 | BTJ | Dr Colageno · first_building Castle |
[ AI ANALYSIS · 1 CREDIT ]
What really happened in this match?
Wolo.gg analyzes every decision: build order, eco, micro, common mistakes by bracket. Personalized analysis on WhatsApp or Discord in 30 seconds.
Civ guide
Japanese
Perfil
Jugador #748043